 Dungeon Crawl Stone Soup version 0.27-a0-1557-g57f10a385c (webtiles) character file.

Game seed: 4197651052631832386

13291 snetch the Thaumaturge (level 12, -1/78 HPs)
             Began as a Djinni Fire Elementalist on July 15, 2021.
             Was an Elder of Qazlal.
             Slain by a six-headed hydra (2 damage)
             ... on level 11 of the Dungeon.
             The game lasted 00:57:49 (13528 turns).

snetch the Thaumaturge (Djinni Fire Elementalist)  Turns: 13528, Time: 00:57:50

Health: -1/78      AC: 17    Str: 11    XL:     12   Next: 30%
Gold:   403        EV:  9    Int: 21    God:    Qazlal [****..] SH: 15 Dex: 15

rFire    + + +     SeeInvis +   a - +3 broad axe "Saagg" {vorpal, SInv}
rCold    . . .     Faith    .   s - +1 kite shield {AC+3}
rNeg     . . .     Spirit   .   Z - +1 scale mail {rF+}
rPois    ∞         Reflect  .   g - +0 helmet
rElec    .         Harm     .   i - +0 cloak
rCorr    .         Rampage  .   e - +2 pair of gloves
Will     +....                  (boots unavailable)
Stlth    +.........             m - amulet of regeneration
HPRegen  1.23/turn              R - ring of protection from fire
MPRegen  0.00/turn              N - ring "Gustreify" {rC+ Str+4}

@: flying, very slightly contaminated, repel missiles
A: sickness immunity, fire resistance 2, cold vulnerability 1, float, innate
caster, hp casting, extra vitality 1
a: Renounce Religion, Upheaval, Elemental Force


You were on level 11 of the Dungeon.
You worshipped Qazlal.
Qazlal was greatly pleased with you.
You visited 2 branches of the dungeon, and saw 12 of its levels.
You also visited: Ossuary.

You collected 781 gold pieces.
You spent 378 gold pieces at shops.

Inventory:

Hand Weapons
 a - the +3 broad axe "Saagg" (weapon) {vorpal, SInv}
   (You found it on level 4 of the Dungeon)

   It inflicts extra damage upon your enemies.
   SInv:      It lets you see invisible.
 b - the +9 dagger of Kyasafuy {vorpal, +Rage Will- Str+4 Int+4}
   (You found it on level 6 of the Dungeon)

   It inflicts extra damage upon your enemies.
   Str:       It affects your strength (+4).
   Int:       It affects your intelligence (+4).
   +Rage:     It lets you go berserk.
   Will:      It decreases your willpower.
 c - a +1 flail of protection
 d - a +4 war axe of freezing
 O - the +11 trident of Ipaab {freeze, *Rage +Rage rElec rN+}
   (You found it on level 10 of the Dungeon)

   It freezes those it strikes, dealing additional cold damage.
   It can also slow down cold-blooded creatures.
   rElec:     It insulates you from electricity.
   rN:        It protects you from negative energy.
   +Rage:     It lets you go berserk.
   *Rage:     It may make you go berserk in combat.
 Y - a +2 scimitar
Missiles
 l - 423 stones
 J - 4 atropa-tipped darts
 P - 9 boomerangs
 Q - 45 poisoned darts
Armour
 e - a +2 pair of gloves (worn)
 g - a +0 helmet (worn)
 i - a +0 cloak (worn)
 s - a +1 kite shield of protection (worn)
 F - a +0 troll leather armour
 Z - a +1 scale mail of fire resistance (worn)
Jewellery
 m - an amulet of regeneration (around neck)
 u - an amulet of the acrobat
 L - a ring of resist corrosion
 N - the ring "Gustreify" (right hand) {rC+ Str+4}
   (You found it on level 6 of the Dungeon)

   [ring of protection from cold]

   Str:       It affects your strength (+4).
   rC:        It protects you from cold.
 R - a ring of protection from fire (left hand)
Wands
 w - a wand of acid (7)
 A - a wand of digging (5)
 C - a wand of paralysis (7)
 K - a wand of iceblast (15)
 M - a wand of charming (12)
Scrolls
 h - a scroll of amnesia {unknown}
 k - 2 scrolls of enchant armour
 p - a scroll of vulnerability
 q - 2 scrolls of fear {unknown}
 r - 2 scrolls of enchant weapon {unknown}
 v - 9 scrolls of noise
 D - 2 scrolls of fog
 E - 3 scrolls of teleportation {unknown}
 I - a scroll of holy word
 S - a scroll of brand weapon
 U - 3 scrolls of magic mapping
 V - 2 scrolls of blinking
 W - 5 scrolls of immolation
Potions
 f - a potion of cancellation
 j - 7 potions of attraction {unknown}
 n - 2 potions of lignification
 o - 3 potions of berserk rage
 x - 3 potions of curing
 B - 3 potions of brilliance {unknown}
 G - a potion of ambrosia
 T - a potion of mutation
 X - 2 potions of haste


   Skills:
 + Level 4.1 Fighting
 + Level 6.9 Armour
 + Level 7.1 Dodging
 + Level 4.4 Stealth
 + Level 5.6 Shields
 + Level 11.2 Spellcasting
 + Level 0.6 Invocations


You had 2 spell levels left.
You knew the following spells:

 Your Spells              Type           Power      Damage    Failure   Level
a - Foxfire               Conj/Fire      100%       2x1d9     1%          1
b - Conjure Flame         Conj/Fire      56%        6-21      2%          3
c - Inner Flame           Hex/Fire       56%        N/A       2%          3
d - Sticky Flame          Conj/Fire      56%        2d7       9%          4
e - Fireball              Conj/Fire      28%        3d12      26%         5
f - Summon Small Mammal   Summ           100%       N/A       1%          1
g - Static Discharge      Conj/Air       56%        N/A       1%          2
h - Portal Projectile     Hex/Tloc       100%       N/A       2%          3
i - Leda's Liquefaction   Hex/Erth       28%        N/A       9%          4
j - Summon Forest         Summ/Tloc      28%        N/A       26%         5
Your spell library was empty.

Dungeon Overview and Level Annotations

Branches:
Dungeon (11/15)            Temple (1/1) D:7            Lair (0/6) D:11
Ossuary (visited)
    Orc: D:9-12

Altars:
Ashenzari
Cheibriados
Dithmenos
Elyvilon
Fedhas
Gozag
Hepliaklqana
Kikubaaqudgha
Makhleb
Nemelex Xobeh
Okawaru
Qazlal
Ru
Sif Muna
Trog
Uskayaw
Vehumet
Wu Jian
Xom
Yredelemnul
Zin
The Shining One

Shops:
D:8 *


Innate Abilities, Weirdness & Mutations

You are immune to sickness and miasma.
You are immune to poison.
Your flesh is very heat resistant. (rF++)
You are vulnerable to cold. (rC-)
You float through the air rather than walking.
You learn spells naturally, not from books.
Your magical power is your life essence.
You have superior vitality. (+4 HP)


Message History

* * * LOW HITPOINT WARNING * * *
Okay, then.
Casting: Static Discharge (safe; 1% risk of failure)
Confirm with . or Enter, or press ? or * to list all spells.
The six-headed hydra is struck by an arc of lightning!
The six-headed hydra is moderately wounded.
The cyclops is struck by an arc of lightning.
The cyclops is lightly wounded.
The six-headed hydra is struck by an arc of lightning!
The six-headed hydra is moderately wounded.
You are struck by an arc of lightning.
* * * LOW HITPOINT WARNING * * *
The lightning grounds out.
* * * LOW HITPOINT WARNING * * *
You hear an angry hiss.
You block the six-headed hydra's attack. x2
The six-headed hydra barely misses you.
The six-headed hydra bites you but does no damage.
You block the six-headed hydra's attack.
The six-headed hydra bites you but does no damage.
Casting: Static Discharge (safe; 1% risk of failure)
Confirm with . or Enter, or press ? or * to list all spells.
The six-headed hydra is struck by an arc of lightning.
The six-headed hydra is heavily wounded.
You are struck by an arc of lightning.
* * * LOW HITPOINT WARNING * * *
The six-headed hydra is struck by an arc of lightning.
The six-headed hydra is heavily wounded.
You are struck by an arc of lightning.
* * * LOW HITPOINT WARNING * * *
The lightning grounds out.
* * * LOW HITPOINT WARNING * * *
You hear an angry hiss.
The six-headed hydra bites you!
* * * LOW HITPOINT WARNING * * *
The six-headed hydra closely misses you.
You block the six-headed hydra's attack.
The six-headed hydra bites you but does no damage.
The six-headed hydra bites you.
You die...

.....>....................>......
########################)........
.[[.......# ### #.........
......##..##.. #.........
8..########.#### #.........
##........'.#[$+ #.........
##........'.#)(+ ###.........
8..########.#########..##########
......##..##....@DC'.#
..........############ ##########
########################.........
.......................
######..############### #..# #..#
#..######## ########.....[....


You could see a six-headed hydra and a cyclops.

Vanquished Creatures
  A rakshasa (D:9)
  2 two-headed ogres
  2 skeletal warriors (D:11)
  A cyclops (D:8)
  Maggie (D:7)
  2 kobold demonologists (D:10)
  2 trolls
  Grinder (D:4)
  2 shadows
  A wraith (D:10)
  4 yaks (D:11)
  Eustachio (D:4)
  Grum (D:9)
  A wyvern (D:7)
  A steam dragon (D:7)
  4 vampire mosquitoes (D:11)
  3 wargs (D:11)
  An acid dragon (D:8)
  2 water moccasins
  4 orc warriors
  A sky beast (D:7)
  3 ice beasts (D:7)
  2 ogres
  3 black bears
  2 necrophages
  2 wolves (D:9)
  3 centaurs
  4 kobold brigands
  2 phantoms
  2 bullfrogs
  A wyvern zombie (D:7)
  2 scorpions
  A water moccasin zombie (D:5)
  6 killer bees (D:9)
  A howler monkey (D:11)
  10 wights
  4 centaur zombies
  5 orc priests
  Crazy Yiuf (D:3)
  A gnoll shaman (D:4)
  3 hounds
  Ijyb (D:4)
  4 iguanas
  Natasha (D:3)
  5 orc wizards
  5 mummies (Ossuary)
  A howler monkey skeleton (D:7)
  4 gnolls (D:4)
  5 adders
  A shadow imp (D:6)
  2 white imps (D:8)
  An ufetubus (D:5)
  An adder skeleton (D:4)
  3 dart slugs (D:1)
  20 orcs
  2 bats (D:1)
  4 endoplasms
  3 giant cockroaches
  2 gnoll zombies (Ossuary)
  12 goblins
  10 hobgoblins
  8 jackals
  3 quokkas
  4 ball pythons
  2 frilled lizards (D:2)
  14 kobolds
  3 kobold zombies (Ossuary)
  3 orc zombies (Ossuary)
  6 rats
  6 foxfires
232 creatures vanquished.

Vanquished Creatures (collateral kills)
  A skeletal warrior (D:10)
  2 yaks (D:11)
  Edmund (D:4)
  An ogre (D:4)
  An orc priest (D:7)
  An orc (D:5)
  3 goblins (D:4)
10 creatures vanquished.

Vanquished Creatures (others)
  809 foxfires
  3 fungi (D:2)
  5 plants
817 creatures vanquished.

Grand Total: 1059 creatures vanquished

Notes
Turn   | Place    | Note
-------+----------+-------------------------------------------
     0 | D:1      | snetch the Djinni Fire Elementalist began the quest for the
                  | Orb.
     0 | D:1      | Reached XP level 1. HP: 15/15 MP: 0/0
    35 | D:1      | Reached XP level 2. HP: 6/21 MP: 0/0
   583 | D:1      | Reached skill level 3 in Spellcasting
   647 | D:2      | Reached XP level 3. HP: 19/25 MP: 0/0
   647 | D:2      | Learned a level 1 spell: Summon Small Mammal
  1228 | D:1      | Reached XP level 4. HP: 22/31 MP: 0/0
  2016 | D:2      | Found a faded altar of an unknown god.
  2030 | D:2      | Became a worshipper of Qazlal Stormbringer
  2030 | D:2      | Reached * piety under Qazlal
  2909 | D:3      | Noticed Natasha
  2914 | D:3      | Killed Natasha
  2915 | D:3      | Reached XP level 5. HP: 22/35 MP: 0/0
  2915 | D:3      | Learned a level 2 spell: Static Discharge
  3123 | D:3      | Found a runed translucent door.
  3124 | D:3      | Noticed Crazy Yiuf
  3188 | D:3      | Found a basalt altar of Yredelemnul.
  3220 | D:3      | Found a sparkling altar of Nemelex Xobeh.
  3616 | D:3      | Killed Crazy Yiuf
  3921 | D:4      | Found a hide-covered altar of Uskayaw.
  3937 | D:4      | Identified the +3 broad axe "Saagg" {vorpal, SInv}
  3955 | D:3      | Found a broken altar of Ashenzari.
  4068 | D:4      | Noticed Grinder
  4081 | D:4      | Killed Grinder
  4082 | D:4      | Reached skill level 1 in Armour
  4082 | D:4      | Reached skill level 4 in Spellcasting
  4082 | D:4      | Reached XP level 6. HP: 10/41 MP: 0/0
  4344 | D:5      | Entered Level 5 of the Dungeon
  4347 | D:5      | Noticed a water moccasin
  4355 | D:5      | Killed a water moccasin
  4356 | D:5      | Reached XP level 7. HP: 31/46 MP: 0/0
  4356 | D:5      | Learned a level 3 spell: Portal Projectile
  4357 | D:5      | Found a glowing golden altar of the Shining One.
  4362 | D:5      | Reached skill level 5 in Spellcasting
  4371 | D:5      | Reached skill level 1 in Fighting
  5075 | D:4      | Noticed Ijyb
  5089 | D:4      | Killed Ijyb
  5090 | D:4      | Reached XP level 8. HP: 5/52 MP: 0/0
  5399 | D:4      | Noticed Edmund
  5435 | D:4      | Killed Edmund
  5741 | D:4      | Noticed Eustachio
  5752 | D:4      | Killed Eustachio
  5753 | D:4      | Reached skill level 6 in Spellcasting
  7312 | D:5      | Reached ** piety under Qazlal
  7375 | D:5      | Reached XP level 9. HP: 52/57 MP: 0/0
  7375 | D:5      | Learned a level 4 spell: Leda's Liquefaction
  7378 | D:5      | Reached skill level 7 in Spellcasting
  7865 | D:6      | Identified the ring "Gustreify" {rC+ Str+4}
  8077 | D:6      | Identified the +9 dagger of Kyasafuy {vorpal, +Rage Will-
                  | Str+4 Int+4}
  8413 | D:7      | Reached skill level 8 in Spellcasting
  8673 | D:7      | Reached XP level 10. HP: 24/64 MP: 0/0
  8694 | D:7      | Found a sand-covered staircase.
  8705 | Ossuary  | Entered an ossuary
  9167 | D:7      | Found a staircase to the Ecumenical Temple.
  9173 | Temple   | Entered the Ecumenical Temple
  9469 | D:7      | Reached skill level 1 in Shields
  9492 | D:7      | Noticed Maggie
  9498 | D:7      | Killed Maggie
  9552 | D:7      | Reached skill level 5 in Armour
  9558 | D:7      | Reached *** piety under Qazlal
  9559 | D:7      | Reached skill level 9 in Spellcasting
 10167 | D:8      | Found an ornate altar of the Wu Jian Council.
 10189 | D:8      | Noticed a two-headed ogre
 10197 | D:8      | HP: 2/65 [two-headed ogre (22)]
 10202 | D:8      | Killed a two-headed ogre
 10309 | D:8      | Noticed a cyclops
 10311 | D:8      | Killed a cyclops
 10312 | D:8      | Reached skill level 5 in Dodging
 10410 | D:8      | Found Pesuv's Assorted Antiques.
 10442 | D:8      | Bought a gold wand for 108 gold pieces
 10442 | D:8      | Bought a scroll of identify for 54 gold pieces
 11161 | D:9      | Noticed Grum
 11169 | D:9      | Reached XP level 11. HP: 25/71 MP: 0/0
 11169 | D:9      | Learned a level 5 spell: Summon Forest
 11171 | D:9      | Killed Grum
 11251 | D:9      | Reached skill level 10 in Spellcasting
 11295 | D:9      | Reached **** piety under Qazlal
 11393 | D:8      | Bought a scroll labelled UNOYGA ZAMIPP for 27 gold pieces
 11393 | D:8      | Bought a glowing scale mail for 189 gold pieces
 11818 | D:10     | Entered Level 10 of the Dungeon
 11963 | D:10     | Identified the +11 trident of Ipaab {freeze, *Rage +Rage
                  | rElec rN+}
 12023 | D:10     | Noticed a rakshasa
 12027 | D:10     | Noticed a soul eater
 12100 | D:9      | Killed a rakshasa
 12785 | D:11     | Noticed a skeletal warrior
 12786 | D:11     | Noticed a skeletal warrior
 12787 | D:11     | Noticed a skeletal warrior
 12834 | D:10     | Killed a skeletal warrior
 12891 | D:11     | Killed a skeletal warrior
 12893 | D:11     | Killed a skeletal warrior
 13047 | D:11     | Reached XP level 12. HP: 31/78 MP: 0/0
 13115 | D:11     | Reached skill level 5 in Shields
 13126 | D:11     | Reached skill level 11 in Spellcasting
 13178 | D:11     | Found a staircase to the Lair.
 13515 | D:11     | Noticed a two-headed ogre
 13517 | D:11     | Noticed a six-headed hydra
 13525 | D:11     | Killed a two-headed ogre
 13528 | D:11     | HP: 1/78 [six-headed hydra (10)]
 13528 | D:11     | Slain by a six-headed hydra

Illustrated notes

Levels and vault maps discovered:
D:1:      heliophobic_arrival_glass_houses, layout_basic
D:2:      layout_rooms, dreamdust_ecumenical_altar_hidden_monk_grotto
D:3:      layout_loops_ring, nicolae_overflow_hidden_temple,
          uniq_crazy_yiuf_cottage, uniq_natasha
D:4:      layout_layer_cave, eat_drink_and_be_merry_uskayaw,
          minmay_ogre_servants, uniq_eustachio, uniq_ijyb, uniq_grinder,
          uniq_edmund
D:5:      minmay_bubble_buster, layout_loops_ring,
          mainiacjoe_overflow_concentric_impassable
D:6:      layout_gridville, lemuel_flame_loot_1
D:7:      layout_loops_ring, minmay_temple_entry_enclosed_plants,
          lightli_ossuary_entry_decrepit_ruins, uniq_maggie
D:8:      layout_layer_cave, mainiacjoe_overflow_24_doors, serial_shops,
          nicolae_shop_overgrown_old_shop
D:9:      layout_rooms, uniq_grum
D:10:     layout_basic
D:11:     layout_long_grid, erik_lair_orcish_takeover, wad_scary_box
Temple:   eino_temple_rhombus

Skill      XL: |  1  2  3  4  5  6  7  8  9 10 11 12 |
---------------+-------------------------------------+-----
Spellcasting   | 3 4 5 6 8 9 10 11 | 11.2
Stealth        | 2 3 4 |  4.4
Armour         | 1 2 3 4 5 6 |  6.9
Dodging        | 3 4 5 6 7 |  7.1
Fighting       | 1 3 4 |  4.1
Shields        | 2 4 5 |  5.6
Invocations    | |  0.6

Action                   |  1- 3 |  4- 6 |  7- 9 | 10-12 || total
-------------------------+-------+-------+-------+-------++-------
Melee: Broad axe         |       |       |     9 |    54 ||    63
       Flail             |       |       |     7 |       ||     7
       Dagger            |       |       |       |    20 ||    20
       Trident           |       |       |       |     1 ||     1
 Cast: Foxfire           |    62 |    72 |   179 |   163 ||   476
       Static Discharge  |       |     5 |    12 |    47 ||    64
       Summon Small Mamm |       |       |    20 |    11 ||    31
       Fireball          |       |       |     7 |    31 ||    38
       Sticky Flame      |       |       |       |    18 ||    18
       Summon Forest     |       |       |       |     1 ||     1
       Conjure Flame     |       |       |       |     1 ||     1
Invok: Elemental Force   |       |       |       |     1 ||     1
  Use: Potion            |       |     2 |       |     3 ||     5
       Scroll            |       |       |       |    14 ||    14
Armor: Robe              |     2 |       |       |       ||     2
       Leather armour    |       |     1 |    35 |     4 ||    40
       Ring mail         |       |       |       |    10 ||    10
       Steam dragon scal |       |       |       |    16 ||    16
       Scale mail        |       |       |       |    82 ||    82
Dodge: Dodged            |     4 |    18 |    94 |    88 ||   204
Block: Other             |       |       |    13 |     7 ||    20
       Kite shield       |       |       |       |   155 ||   155

Table legend: (Time is in decaauts)
 A = Elapsed time spent in this place.
 B = Non-inter-level travel time spent in this place.
 C = Inter-level travel time spent in this place.
 D = Time resting spent in this place.
 E = Time spent auto-exploring this place.
 F = Levels seen in this place.
 G = Mean time per level.
                   A        B        C        D        E       F      G
               +--------+--------+--------+--------+--------+-----+--------+
         Total |  13617 |  12727 |    890 |    647 |   9127 |  13 | 1047.5 |
       Dungeon |  13216 |  12335 |    881 |    637 |   8868 |  11 | 1201.5 |
        Temple |    170 |    161 |      9 |      0 |    160 |   1 |  170.0 |
       Ossuary |    230 |    230 |      0 |     10 |     99 |   1 |  230.0 |
               +--------+--------+--------+--------+--------+-----+--------+

Top non-repeatable levels by time:
     D:4: 2137 daAuts
     D:3: 1756 daAuts
     D:1: 1423 daAuts
     D:5: 1377 daAuts
     D:8: 1320 daAuts
     D:7: 1180 daAuts
    D:10: 990 daAuts
     D:2: 944 daAuts
     D:6: 864 daAuts
    D:11: 616 daAuts
     D:9: 604 daAuts
 Ossuary: 230 daAuts
  Temple: 170 daAuts
